 Dungeon Crawl Stone Soup version 0.23.0 (webtiles) character file.

Game seed: 14004986299648158560

1084 Folque the Gusty (level 8, 0/43 HPs)
             Began as a Deep Elf Air Elementalist on Feb 16, 2019.
             Was a Follower of Sif Muna.
             Slain by an orc priest
             ... wielding a +0 hand axe
              (7 damage)
             ... on level 5 of the Dungeon.
             The game lasted 00:22:03 (3958 turns).

Folque the Gusty (Deep Elf Air Elementalist)        Turns: 3958, Time: 00:22:03

Health: 0/43       AC:  3    Str:  5    XL:     8   Next: 8%
Magic:  1/19       EV: 14    Int: 23    God:    Sif Muna [*.....]
Gold:   293        SH:  0    Dex: 15    Spells: 4/19 levels left

rFire    . . .     SeeInvis .   t - +1 flail (crush)
rCold    . . .     Gourm    .   (no shield)
rNeg     . . .     Faith    .   a - +0 robe
rPois    .         Spirit   .   (no helmet)
rElec    .         Reflect  .   (no cloak)
rCorr    .         Harm     .   (no gloves)
MR       .....                  d - +0 pair of boots
Stlth    ++........             (no amulet)
HPRegen  0.14/turn              (no ring)
MPRegen  0.16/turn              (no ring)

@: divine energy
A: no striking features
a: Stop Divine Energy, Renounce Religion


You were on level 5 of the Dungeon.
You worshipped Sif Muna.
Sif Muna was aware of your devotion.
You were hungry.

You visited 2 branches of the dungeon, and saw 6 of its levels.

You collected 293 gold pieces.

Inventory:

Hand Weapons
 b - a +0 spear
 t - a +1 flail of crushing (weapon)
 D - a +0 dagger
Armour
 a - a +0 robe (worn)
 d - a +0 pair of boots (worn)
Jewellery
 o - an uncursed ring of fire {unknown}
 r - an uncursed amulet of the gourmand
Scrolls
 f - 2 scrolls of enchant armour {unknown}
 h - 2 scrolls of random uselessness {unknown}
 i - 2 scrolls of magic mapping {unknown}
 j - 2 scrolls of enchant weapon
 m - a scroll of identify
 v - a scroll of noise {unknown}
 w - a scroll of remove curse {unknown}
 y - a scroll of blinking {unknown}
 A - 3 scrolls of teleportation {unknown}
 C - a scroll of fog {unknown}
Potions
 e - a potion of agility {unknown}
 g - a potion of brilliance {unknown}
 k - a potion of lignification {unknown}
 l - 4 potions of curing
 n - a potion of resistance
 p - a potion of haste {unknown}
 q - 2 potions of ambrosia {unknown}
 s - a potion of berserk rage
 u - 2 potions of heal wounds {unknown}
 x - 2 potions of magic {unknown}
 z - a potion of mutation {unknown}
 B - a potion of might {unknown}
Comestibles
 c - 8 rations
 E - 2 chunks of flesh


   Skills:
 + Level 1.6 Fighting
 - Level 4.0 Dodging
 - Level 2.4 Stealth
 - Level 6.0 Spellcasting
 * Level 5.6 Conjurations
 + Level 0.9 Charms
 * Level 6.4 Air Magic


You had 4 spell levels left.
You knew the following spells:

 Your Spells              Type           Power        Failure   Level  Hunger
a - Shock                 Conj/Air       ####         1%          1    None
b - Swiftness             Chrm/Air       ###.....     2%          2    None
c - Static Discharge      Conj/Air       ####....     2%          3    #......
d - Lightning Bolt        Conj/Air       ####......   21%         5    #####..
e - Airstrike             Air            #####.....   6%          4    ###....

Your spell library contained the following spells:

 Spells                   Type           Power        Failure   Level  Hunger


Dungeon Overview and Level Annotations

Branches:
Dungeon (5/15)             Temple (1/1) D:5

Altars:
Ashenzari
Cheibriados
Dithmenos
Elyvilon
Gozag
Hepliaklqana
Kikubaaqudgha
Nemelex Xobeh
Okawaru
Qazlal
Sif Muna
Vehumet
Xom
Zin
The Shining One

Shops:
D:5 [


Message History

Press: ? - help, Shift-Dir - straight line That beam is likely to hit you.
Continue anyway?
The zap hits the orc priest.
The orc priest is severely wounded.
The zap hits the orc priest.
The orc priest is almost dead.
The zap misses you.
The orc priest hits you with a +0 hand axe.
You closely miss the orc priest.
The orc priest is almost dead.
The orc priest hits you with a +0 hand axe.
You closely miss the orc priest.
The orc priest is almost dead.
The orc priest barely misses you.
You hit the orc priest but do no damage.
The orc priest is almost dead.
The orc priest hits you with a +0 hand axe!
* * * LOW HITPOINT WARNING * * *
The orc priest hits you with a +0 hand axe!
You die...

@..G.# #.## ...8.# #.## #
...ยง# #.## .##...# #.##
#..... #.##
...####...##.##########.##
.........# #..............
#)##########.#######
#.o@....(....#
##############


You could see an orc priest.

Vanquished Creatures
  Eustachio (D:5)
  A sky beast (D:4)
  An ogre (D:4)
  A necrophage (D:3)
  A phantom (D:5)
  An eye of draining (D:5)
  A centaur (D:5)
  2 crimson imps (D:5)
  A hound (D:5)
  2 orc wizards
  An iguana (D:5)
  2 worker ants
  A hound zombie (D:2)
  A gnoll (D:2)
  A worker ant zombie (D:5)
  7 adders
  2 oozes (D:1)
  An adder skeleton (D:5)
  2 worms
  2 leopard geckos
  11 orcs
  A ball python (D:4)
  3 bats
  3 giant cockroaches
  7 goblins
  11 hobgoblins
  12 jackals
  2 quokkas
  A ball python skeleton (D:4)
  8 frilled lizards
  11 kobolds
  10 rats
112 creatures vanquished.

Notes
Turn   | Place    | Note
-------+----------+-------------------------------------------
     0 | D:1      | Folque the Deep Elf Air Elementalist began the quest for
                  | the Orb.
     0 | D:1      | Reached XP level 1. HP: 10/10 MP: 6/6
    79 | D:1      | Reached XP level 2. HP: 14/15 MP: 4/8
   264 | D:1      | Learned a level 2 spell: Swiftness
   432 | D:1      | Reached XP level 3. HP: 14/19 MP: 7/10
   801 | D:2      | Reached XP level 4. HP: 20/24 MP: 12/12
  1155 | D:2      | Learned a level 3 spell: Static Discharge
  1165 | D:2      | Found a deep blue altar of Sif Muna.
  1173 | D:2      | Became a worshipper of Sif Muna the Loreminder
  1417 | D:3      | Reached XP level 5. HP: 25/28 MP: 7/13
  1641 | D:3      | Noticed a necrophage
  1655 | D:3      | Killed a necrophage
  1655 | D:3      | Reached skill level 5 in Spellcasting
  1699 | D:3      | Learned a level 5 spell: Lightning Bolt
  1704 | D:3      | Learned a level 4 spell: Airstrike
  1874 | D:3      | Reached XP level 6. HP: 28/32 MP: 16/16
  2141 | D:4      | Reached skill level 5 in Air Magic
  2500 | D:4      | Reached * piety under Sif Muna
  2729 | D:4      | Noticed a sky beast
  2731 | D:4      | Killed a sky beast
  2731 | D:4      | Reached XP level 7. HP: 36/36 MP: 8/18
  3052 | D:5      | Entered Level 5 of the Dungeon
  3241 | D:5      | Found Kaeph's Armour Shop.
  3304 | D:5      | Found a staircase to the Ecumenical Temple.
  3322 | Temple   | Entered the Ecumenical Temple
  3733 | D:5      | Reached skill level 1 in Fighting
  3736 | D:5      | Reached skill level 5 in Conjurations
  3866 | D:5      | Found a hazy altar of Hepliaklqana.
  3925 | D:5      | Noticed Eustachio
  3943 | D:5      | Killed Eustachio
  3943 | D:5      | Reached XP level 8. HP: 38/43 MP: 9/19
  3958 | D:5      | Slain by an orc priest

Skill      XL: |  1  2  3  4  5  6  7 |
---------------+----------------------+-----
Conjurations   | 2 3 4 5 |  5.6
Spellcasting   | 4 5 6 |  6.0
Air Magic      | 4 5 6 |  6.4
Dodging        | 3 4 |  4.0
Fighting       | 1 |  1.6
Stealth        | |  2.4
Charms         | |  0.9

Action                   |  1- 3 |  4- 6 |  7- 9 || total
-------------------------+-------+-------+-------++-------
Melee: Spear             |    49 |       |       ||    49
       Flail             |    11 |    74 |    48 ||   133
 Cast: Shock             |    39 |    72 |    27 ||   138
       Static Discharge  |       |     7 |       ||     7
       Airstrike         |       |     1 |     1 ||     2
       Lightning Bolt    |       |       |     5 ||     5
Invok: Divine Energy     |       |       |     1 ||     1
  Use: Scroll            |     4 |     1 |       ||     5
 Stab: Sleeping          |       |     1 |     1 ||     2
  Eat: Chunk             |       |     6 |     5 ||    11
Armor: Robe              |    16 |    15 |    11 ||    42
Dodge: Dodged            |    41 |    92 |    49 ||   182
